 Dungeon Crawl Stone Soup version 0.20-a0-449-g96be121 (webtiles) character file.

3 Gorice the Vexing (level 1, -1/15 HPs)
             Began as a Demonspawn Arcane Marksman on Jan 7, 2017.
             Slain by a kobold
             ... wielding a +0 short sword
              (5 damage)
             ... on level 1 of the Dungeon.
             The game lasted 00:00:55 (208 turns).

Gorice the Vexing (Demonspawn Arcane Marksman)       Turns: 208, Time: 00:00:56

Health: -1/15      AC:  2    Str: 10    XL:     1   Next: 41%
Magic:  0/2        EV: 12    Int: 14    God:
Gold:   37         SH:  0    Dex: 13    Spells: 1/2 levels left

rFire  . . .     SeeInvis .     (no weapon)
rCold  . . .     Gourm    .     a - +0 robe
rNeg   . . .     Faith    .     (no shield)
rPois  .         Spirit   .     (no helmet)
rElec  .         Reflect  .     (no cloak)
rCorr  .         Harm     .     (no gloves)
MR     .....                    (no boots)
Stlth  +.........               (no amulet)
                                (no ring)
                                (no ring)

@: no status effects
A: no striking features
a: no special abilities


You were on level 1 of the Dungeon.
You were not hungry.

You visited 1 branch of the dungeon, and saw 1 of its levels.

You collected 37 gold pieces.

Inventory:

Missiles
 c - 5 javelins (quivered)
 h - 26 bolts
 Y - 2 throwing nets
Armour
 a - a +0 robe (worn)
Jewellery
 i - a +5 ring of slaying {unknown}
Scrolls
 j - a scroll of magic mapping {unknown}
Potions
 e - a potion of ambrosia {unknown}
Books
 b - a book of Debilitation
Comestibles
 d - a meat ration {!e}
 f - a bread ration {!e}
 g - 2 chunks of flesh


   Skills:
 + Level 1.5 Fighting
 - Level 1.7 Throwing
 - Level 1.7 Dodging
 - Level 1.0 Spellcasting
 - Level 3.0 Hexes


You had one spell level left.
You knew the following spells:

 Your Spells              Type           Power        Failure   Level  Hunger
a - Corona                Hex            #......      10%         1    ##.....


Dungeon Overview and Level Annotations

Branches:
Dungeon (1/15)

Altars:


Message History

You hit the kobold but do no damage. The kobold hits you with a short sword.
* * * LOW HITPOINT WARNING * * *
You are too injured to fight recklessly!
You are too injured to fight recklessly!
You are too injured to fight recklessly!
Damage: 3 (max 3)
You are too injured to fight recklessly!
You are too injured to fight recklessly!
You are too injured to fight recklessly!
You are too injured to fight recklessly!
You are too injured to fight recklessly!
You are too injured to fight recklessly!
You are too injured to fight recklessly!
You are too injured to fight recklessly!
You are too injured to fight recklessly!
You are too injured to fight recklessly!
You are too injured to fight recklessly!
You are too injured to fight recklessly!
You are too injured to fight recklessly!
You are too injured to fight recklessly!
You are too injured to fight recklessly!
You are too injured to fight recklessly!
You are too injured to fight recklessly!
You are too injured to fight recklessly!
You are too injured to fight recklessly!
You are too injured to fight recklessly!
You are too injured to fight recklessly!
Press: ? - help, v - describe, . - travel, g - get item A club.
There is something else lying underneath.
The floor, spattered with blood.
Casting: Corona
Confirm with . or Enter, or press ? or * to list all spells.
You don't know that spell.
Sorry, you're not good enough to have a special ability.
Unknown command.
Casting: Corona
Confirm with . or Enter, or press ? or * to list all spells.
Aiming: Corona
Press: ? - help, Shift-Dir - straight line, f - kobold
Aim: a kobold, wielding a short sword (chance to defeat MR: 62%)
The kobold is outlined in light.
The kobold hits you with a short sword.
* * * LOW HITPOINT WARNING * * *
Casting: Corona
Confirm with . or Enter, or press ? or * to list all spells.
Aiming: Corona
Press: ? - help, Shift-Dir - straight line, f/p - kobold
Aim: a kobold, wielding a short sword (softly glowing, chance to defeat MR: 62%)
The kobold glows brighter.
The kobold hits you with a short sword.
You die...

......## .#.# #.######
.#. #.. ... #.. .. ###
##.# # #.. #.#K#
#.#@###.# #.......#
####.#######
#..........#########
#.......##.#.......#
#.......##.#.......##
#.................รท..
#.......##.#.##.##.##
#.......##.#.........


You could see a kobold.

Vanquished Creatures
  A goblin (D:1)
  A bat (D:1)
  A frilled lizard (D:1)
  A rat (D:1)
4 creatures vanquished.

Notes
Turn   | Place    | Note
-------+----------+-------------------------------------------
     0 | D:1      | Gorice the Demonspawn Arcane Marksman began the quest for the Orb.
     0 | D:1      | Reached XP level 1. HP: 15/15 MP: 2/2
   207 | D:1      | HP: 4/15 [kobold/short sword (3)]
   208 | D:1      | Slain by a kobold

Vault maps used:
D:1:      lightli_iron_boxes

Action                   || total
-------------------------++-------
Melee: Unarmed           ||    18
Throw: Javelin           ||     5
 Cast: Corona            ||     7
Armor: Robe              ||     6
Dodge: Dodged            ||    10

Table legend:
 A = Turns spent in this place as a percentage of turns spent in the entire game.
 B = Non-inter-level travel turns spent in this place as a percentage of non-inter-level travel turns spent in the entire game.
 C = Inter-level travel turns spent in this place as a percentage of turns spent in this place.
 D = Turns resting spent in this place as a percentage of non-inter-level travel turns spent in this place.
 E = Turns spent auto-exploring this place as a percentage of non-inter-level travel turns spent in this place.
 F = Non-inter-level travel turns spent in this place divided by the number of levels of this place that you've seen.
                   A       B       C       D       E      F
               +-------+-------+-------+-------+-------+----------------------
         Total | 100.0 | 100.0 |   0.0 |   0.0 |   3.1 | 224.0
       Dungeon | 100.0 | 100.0 |   0.0 |   0.0 |   3.1 | 224.0
               +-------+-------+-------+-------+-------+----------------------

Vault maps used:
D:1:      lightli_iron_boxes
